 Dungeon Crawl Stone Soup version 0.17-a0-1208-g5ea1814 (webtiles) character file.

127 TheRake the Vexing (level 4, -2/22 HPs)
             Began as a Spriggan Wanderer on June 4, 2015.
             Was an Initiate of Fedhas.
             Killed from afar by an orc wizard (5 damage)
             ... with a puff of frost
             ... on level 4 of the Dungeon.
             The game lasted 00:25:17 (3662 turns).

TheRake the Vexing (Spriggan Wanderer)              Turns: 3662, Time: 00:25:18

Health: -2/22      AC:  2    Str:  8    XL:     4   Next: 85%
Magic:  0/10       EV: 15    Int: 14    God:    Fedhas [......]
Gold:   85         SH:  0    Dex: 15    Spells: 5 memorised, 0 levels left

rFire  . . .     SeeInvis +     e - +0 dagger
rCold  . . .     Clarity  .     d - +0 robe
rNeg   . . .     SustAt   .     (shield restricted)
rPois  .         Gourm    .     (helmet restricted)
rElec  .         Spirit   .     (no cloak)
rCorr  .         Warding  .     (gloves unavailable)
rMut   .         Stasis   .     (boots unavailable)
MR     .....                    (no amulet)
Stlth  +.........               (no ring)
                                (no ring)

@: very slightly contaminated, very quick, not resistant to hostile
enchantments, very unstealthy
A: unfitting armour, see invisible, herbivore 3, speed 3, slow metabolism 2
a: Renounce Religion


You were on level 4 of the Dungeon.
You worshipped Fedhas.
Fedhas was noncommittal.
You were not hungry.

You visited 1 branch of the dungeon, and saw 4 of its levels.

You collected 85 gold pieces.

Inventory:

Hand weapons
 e - a +0 dagger (weapon)
 r - a +0 shortbow
Armour
 d - a +0 robe (worn)
Jewellery
 o - an uncursed ring of magical power {unknown}
Magical devices
 j - a wand of hasting (0)
Scrolls
 g - 2 scrolls of amnesia {unknown}
 k - 2 scrolls of identify {unknown}
 l - 2 scrolls of enchant armour {unknown}
 m - a scroll of fog {unknown}
 q - a scroll of random uselessness {unknown}
Potions
 h - a potion of agility {unknown}
 i - a potion of brilliance {unknown}
 n - a potion of magic {unknown}
 p - a potion of lignification {unknown}
Books
 a - a book of Maledictions

   Spells                             Type                      Level
   a - Corona                         Hexes                        1
   b - Ensorcelled Hibernation        Hexes/Ice                    2
   c - Confuse                        Hexes                        3
   d - Tukima's Dance                 Hexes                        3
   e - Dazzling Spray                 Conjuration/Hexes            3
 b - the Disquisition on Battle Magic

   Spells                             Type                      Level
   a - Flame Tongue                   Conjuration/Fire             1
   b - Dazzling Spray                 Conjuration/Hexes            3
 c - the Tome of Stones

   Spells                             Type                      Level
   a - Sandblast                      Earth                        1
   b - Stone Arrow                    Conjuration/Earth            3
Comestibles
 f - a bread ration
 s - a slice of pizza


   Skills:
 - Level 1.0 Fighting
 - Level 2.1 Short Blades
 - Level 1.1 Throwing
 + Level 3.9 Spellcasting
 - Level 5.0 Hexes
   Level 1.5 Translocations
 - Level 1.0 Ice Magic
 - Level 2.0 Earth Magic
 - Level 1.3 Evocations


You couldn't memorise any spells.
You knew the following spells:

 Your Spells              Type           Power        Failure   Level  Hunger
a - Flame Tongue          Conj/Fire      #....        24%         1    None
b - Sandblast             Erth           #.....       10%         1    None
c - Ensorcelled Hibernat  Hex/Ice        ##....       12%         2    ##.....
d - Dazzling Spray        Conj/Hex       #.......     24%         3    ###....
e - Stone Arrow           Conj/Erth      #.....       38%         3    ###....


Dungeon Overview and Level Annotations

Branches:
Dungeon (4/15)
 Temple: D:4-7

Altars:
Fedhas
Qazlal

Annotations:
D:2 Ijyb


Innate Abilities, Weirdness & Mutations

You are tiny and cannot use many weapons and most armour.
You have supernaturally acute eyesight.
You are a herbivore.
You cover ground extremely quickly.
You need consume almost no food.


Message History

The orc wizard casts a spell at you. The puff of flame hits you!
Ouch! That really hurt!
There is an open door here.
Casting: Sandblast
Confirm with . or Enter, or press ? or * to list all spells.
Aiming: Sandblast
Press: ? - help, Shift-Dir - straight line, f - orc wizard
Aim: an orc wizard, wielding a dagger and wearing a robe (severely wounded, fast, slightly transparent)
The blast of sand misses the orc wizard.
The orc wizard casts a spell at you. The puff of frost hits you!
* * * LOW HITPOINT WARNING * * *
Zapping:
j - a wand of hasting {zapped: 3} (will waste charges)
Press: ? - help, Shift-Dir - straight line, f - you, p - orc wizard Nothing appears to happen.
The orc wizard points at you and mumbles some strange words.
The puff of frost hits you!
You die...
Fedhas appreciates your contribution to the ecosystem.

+#.......#.##.##.##...<##'##..'..
.#.......#.##.##.##+##.##.##..#..
.#.......'..#>...##.##........#..
.+.......#. '....'..##.##'#####..
.#.......#'##.##.##'##.##.#######
.######.....#.##.##.##.......'.#.
......'.....#.'..'..'........#.'.
......#.....'.#..##'##.......#.#.
..#...#.....#'##@##.##.###.######
###...###'#.o..#'##.##.###.#.....
#...##..'o...o..#('...#..+.....
#....'.)#...oo..#'##..'..#.....
...#..##. ###o#......#[.#..#.....
...#..##o###..#......#.#####.....
...+.......'..##+#...#.####...##'
...#..##+###'## #...#....+...+..
.. #..##..##. +...#'####...###


You could see an orc priest, an orc wizard (invisible) and 2 orcs.

Vanquished Creatures
  3 gnolls (D:4)
  5 adders
  An ooze (D:3)
  3 orcs
  4 bats
  5 giant cockroaches
  6 goblins
  7 hobgoblins
  3 jackals
  A quokka (D:3)
  A ball python (D:4)
  A giant newt (D:4)
  A kobold (D:4)
  6 rats
47 creatures vanquished.

Notes
Turn   | Place    | Note
--------------------------------------------------------------
     0 | D:1      | TheRake the Spriggan Wanderer began the quest for the Orb.
     0 | D:1      | TheRake set off with: a book of Maledictions, the Disquisition on Battle Magic, the Tome of Stones, a +0 robe, a +0 dagger, a bread ration
     0 | D:1      | Reached XP level 1. HP: 9/9 MP: 3/3
   153 | D:1      | Reached skill level 1 in Spellcasting
   184 | D:1      | Learned a level 1 spell: Flame Tongue
   247 | D:1      | Learned a level 1 spell: Sandblast
   498 | D:1      | Reached XP level 2. HP: 10/13 MP: 5/5
   872 | D:2      | Learned a level 2 spell: Ensorcelled Hibernation
   990 | D:2      | Noticed Ijyb
  1095 | D:3      | Reached skill level 1 in Short Blades
  1170 | D:3      | Reached XP level 3. HP: 14/16 MP: 1/7
  1424 | D:3      | Learned a level 3 spell: Dazzling Spray
  1704 | D:4      | Found a blossoming altar of Fedhas.
  1713 | D:4      | Became a worshipper of Fedhas Madash
  1750 | D:4      | Noticed an earth elemental
  1766 | D:4      | Reached skill level 5 in Hexes
  1769 | D:4      | Found a stormy altar of Qazlal.
  1770 | D:4      | Noticed a fire elemental
  1770 | D:4      | Noticed an air elemental
  1770 | D:4      | Noticed a water elemental
  1840 | D:4      | Noticed an ogre
  2373 | D:4      | Reached XP level 4. HP: 7/21 MP: 1/9
  3351 | D:4      | Learned a level 3 spell: Stone Arrow
  3392 | D:4      | Reached skill level 1 in Fighting
  3662 | D:4      | Killed from afar by an orc wizard

Vault maps used:
D:1:      minmay_arrival_radiant_lines, hangedman_decor_clover_reticule
D:2:      uniq_iyjb, uniq_jessica, uniq_crazy_yiuf_cottage
D:3:      minmay_misc_feat_square, kennysheep_generic_room_2
D:4:      lemuel_round_altar, hangedman_abyss_or_decor_lesser_grid,
          nicolae_qazlal_style_of_elements

Action                   |  1- 3 |  4- 6 || total
-------------------------+-------+-------++-------
Melee: Dagger            |   101 |    31 ||   132
 Cast: Flame Tongue      |     6 |       ||     6
       Sandblast         |    47 |     6 ||    53
       Dazzling Spray    |    11 |     8 ||    19
       Stone Arrow       |       |     2 ||     2
Evoke: Wand              |       |     1 ||     1
 Stab: Invisible         |     2 |     1 ||     3
  Eat: Bread ration      |     1 |       ||     1
